 Dungeon Crawl Stone Soup version 0.18.1-1-g2f07953 (webtiles) character file.

88 kspaans the Conjurer (level 4, -1/34 HPs)
             Began as a Draconian Conjurer on May 17, 2016.
             Killed from afar by an orc wizard (4 damage)
             ... with a magic dart
             ... on level 2 of the Dungeon.
             The game lasted 00:19:25 (2539 turns).

kspaans the Conjurer (Draconian Conjurer)           Turns: 2539, Time: 00:19:25

Health: -1/34      AC:  7    Str: 11    XL:     4   Next: 30%
Magic:  4/7        EV: 12    Int: 16    God:
Gold:   116        SH:  0    Dex: 11    Spells: 2 memorised, 5 levels left

rFire  . . .     SeeInvis .     k - +0 hunting sling
rCold  . . .     Gourm    .     (armour unavailable)
rNeg   . . .     Faith    .     (no shield)
rPois  .         Spirit   .     (helmet restricted)
rElec  .         Dismiss  .     q - +1 cloak {MR+}
rCorr  .         Reflect  .     (no gloves)
SustAt .         Harm     .     (no boots)
MR     +....                    n - amulet of magic regeneration
Stlth  +++.......               (no ring)
                                (no ring)

@: somewhat resistant to hostile enchantments, fairly stealthy
A: unfitting armour, camouflage 1, slow regeneration 1, evolution 1,
cold-blooded, AC +5
a: no special abilities


You were on level 2 of the Dungeon.
You were not hungry.

You visited 1 branch of the dungeon, and saw 4 of its levels.

You collected 116 gold pieces.

Inventory:

Hand Weapons
 d - a +0 whip
 f - a +0 mace
 i - a +0 dagger of venom
 k - a +0 hunting sling (weapon)
Missiles
 g - 14 stones (quivered)
Armour
 q - a +1 cloak of magic resistance (worn)
 t - a +0 hat
Jewellery
 n - an amulet of magic regeneration (around neck)
Scrolls
 c - 2 scrolls of remove curse
 l - 2 scrolls of identify {unknown}
 m - a scroll of enchant armour
 p - a scroll of fog {unknown}
Potions
 e - a potion of invisibility {unknown}
 j - a potion of might {unknown}
 o - a potion of lignification {unknown}
 r - a potion of brilliance {unknown}
 u - a potion of curing {unknown}
Books
 a - a book of Conjurations

   Spells                             Type                      Level
   a - Magic Dart                     Conjuration                  1
   b - Searing Ray                    Conjuration                  2
   c - Dazzling Spray                 Conjuration/Hexes            3
   d - Fulminant Prism                Conjuration/Hexes            4
   e - Iskenderun's Mystic Blast      Conjuration                  4
   f - Iskenderun's Battlesphere      Conjuration/Charms           5
Comestibles
 b - 2 bread rations


   Skills:
 + Level 0.4 Fighting
 + Level 1.8 Dodging
 * Level 2.0 Stealth
 * Level 2.5 Spellcasting
 * Level 5.3 Conjurations


You had 5 spell levels left.
You knew the following spells:

 Your Spells              Type           Power        Failure   Level  Hunger
a - Magic Dart            Conj           ###.         2%          1    #......
b - Searing Ray           Conj           ###...       4%          2    ##.....


Dungeon Overview and Level Annotations

Branches:
Dungeon (4/15)
 Temple: D:4-7

Altars:
Elyvilon
Fedhas
Nemelex Xobeh
Trog
Yredelemnul
Zin


Innate Abilities, Weirdness & Mutations

Your plain brown scales are hard (AC +5).
Your body does not fit into most forms of armour.
You are cold-blooded and may be slowed by cold attacks.
Your skin changes colour to match your surroundings (Stealth).
You regenerate slowly when monsters are visible.
You evolve.


Message History

You resist with almost no effort.
Casting: Searing Ray
Confirm with . or Enter, or press ? or * to list all spells.
Aiming: Searing Ray
Press: ? - help, Shift-Dir - straight line, f - orc wizard
Aim: an orc wizard, wielding a dagger and wearing a robe (heavily wounded)
The searing ray misses the orc wizard.
The searing ray hits the orc wizard.
The orc wizard is severely wounded.
The orc wizard hits you but does no damage.
Without enough magic to sustain it, your searing ray dissipates.
The orc wizard hits you with a dagger.
* * * LOW HITPOINT WARNING * * *
The orc wizard points at you and mumbles some strange words.
The puff of flame misses you.
The orc wizard mumbles some strange words.
The orc wizard flickers and vanishes!
A magic dart appears from out of thin air!
The magic dart hits you!
You die...

.######.........# #.###.#'###
................# #.###.#.#####
######.)........####.#.........#
#>..............+.##.###########
..#####.........#....#### #.#
#.................# ######
#.#####...####..##.####.####.....
#.........+................<.....
#######...#####.@#.#.##.###......
#...# ##.#(#............# #...#
#.....P.P..#.###.# #...#
###.##.._..##...... #####
##.....)P.P........#
#....)#.....#.......
#..#.........###...#
#..........#.#####.#
#..###.....#.#.....#


There were no monsters in sight!

Vanquished Creatures
  Robin (D:3)
  2 adders (D:2)
  A worm (D:3)
  A giant gecko (D:1)
  2 orcs (D:3)
  5 bats
  4 giant cockroaches
  7 hobgoblins
  4 giant newts
  12 goblins
  6 kobolds
  6 rats (D:1)
51 creatures vanquished.

Notes
Turn   | Place    | Note
--------------------------------------------------------------
     0 | D:1      | kspaans the Draconian Conjurer began the quest for the Orb.
     0 | D:1      | Reached XP level 1. HP: 14/14 MP: 3/3
   403 | D:1      | Reached XP level 2. HP: 20/20 MP: 0/5
  1171 | D:2      | Found a basalt altar of Yredelemnul.
  1404 | D:2      | Reached XP level 3. HP: 24/27 MP: 1/6
  1513 | D:2      | Found a glowing silver altar of Zin.
  1757 | D:2      | Learned a level 2 spell: Searing Ray
  1884 | D:3      | Found a bloodstained altar of Trog.
  1905 | D:3      | Found a blossoming altar of Fedhas.
  1905 | D:3      | Found a sparkling altar of Nemelex Xobeh.
  1917 | D:3      | Found a white marble altar of Elyvilon.
  1944 | D:3      | Reached skill level 5 in Conjurations
  2030 | D:3      | Noticed Robin
  2115 | D:3      | Killed Robin
  2115 | D:3      | Reached XP level 4. HP: 34/34 MP: 3/7
  2230 | D:3      | HP: 1/34 [orc priest/divine providence (14)]
  2521 | D:2      | Gained mutation: Your skin changes colour to match your surroundings (Stealth). [potion of mutation]
  2521 | D:2      | Gained mutation: You evolve. [potion of mutation]
  2521 | D:2      | Gained mutation: You regenerate slowly when monsters are visible. [potion of mutation]
  2539 | D:2      | Killed from afar by an orc wizard

Skill      XL: |  1  2  3 |
---------------+----------+-----
Stealth        | 2 |  2.0
Conjurations   | 5 |  5.3
Fighting       | |  0.4
Dodging        | |  1.8
Spellcasting   | |  2.5

Action                   |  1- 3 |  4- 6 || total
-------------------------+-------+-------++-------
Melee: Whip              |     5 |       ||     5
       Dagger            |     4 |       ||     4
       Tailslap          |     1 |       ||     1
 Fire: Hunting sling     |       |     5 ||     5
 Cast: Magic Dart        |    75 |    18 ||    93
       Searing Ray       |     1 |     6 ||     7
  Use: Scroll            |     3 |       ||     3
       Potion            |     1 |     1 ||     2
  Eat: Chunk             |     2 |       ||     2
       Bread ration      |     1 |       ||     1
Armor: Skin              |     3 |     7 ||    10
Dodge: Dodged            |     9 |    10 ||    19
